 Seeded DCSS version 0.30-a0-953-g5f1da4a474 (webtiles) character file.

Game seed: 20230329 (custom seed)

144 a11behringer the Chopper (level 5, -2/46 HPs)
             Began as a Draconian Berserker on Mar 29, 2023.
             Was a Believer of Trog.
             Killed by nerve-wracking pain
             ... invoked by an orc priest
              (5 damage)
             ... on level 2 of the Dungeon.
             The game lasted 00:02:45 (935 turns).

a11behringer the Chopper (Draconian Berserker)       Turns: 935, Time: 00:02:45

Health: -2/46      AC:  5    Str: 21    XL:     5   Next: 5%
Magic:  5/5        EV: 12    Int:  8    God:    Trog [**....]
Gold:   38         SH:  0    Dex: 10    Spells: 4/4 levels left

rFire   . . .      SeeInvis .    a - +0 hand axe
rCold   . . .      Faith    .    (no shield)
rNeg    . . .      Spirit   .    (body armour unavailable)
rPois   .          Reflect  .    (helmet restricted)
rElec   .          Rampage  .    (no cloak)
rCorr   .                        (no gloves)
Will    .....                    (no boots)
Stlth   ++                       (no amulet)
HPRegen 0.27/turn                (no ring)
MPRegen 0.09/turn                (no ring)

@: no status effects
A: AC +5, unfitting armour, cold-blooded
a: Renounce Religion, Berserk, Trog's Hand


You were on level 2 of the Dungeon.
You worshipped Trog.
Trog was pleased with you.
You visited 1 branch of the dungeon, and saw 2 of its levels.

You collected 38 gold pieces.

Inventory:

Hand Weapons
 a - a +0 hand axe (weapon)
Jewellery
 b - a ring of fire
Scrolls
 c - a scroll of identify {unknown}
 e - a scroll of silence {unknown}
 f - a scroll of amnesia {unknown}
Potions
 d - a potion of flight {unknown}
 g - a potion of heal wounds {unknown}


   Skills:
 + Level 4.0 Fighting
 * Level 4.3 Axes
 + Level 3.3 Dodging
 + Level 1.9 Stealth


You had 4 spell levels left.
You didn't know any spells.
Your spell library was empty.

Dungeon Overview and Level Annotations

Branches:
Dungeon (2/15)

Altars:


Innate Abilities, Weirdness & Mutations

Your plain brown scales are hard. (AC +5)
You cannot fit into any form of body armour.
You are cold-blooded and may be slowed by cold attacks.


Message History

Trog accepts your kill.
No target in view!
An orc priest comes into view. It is wielding a +0 hand axe.
Things that are here:
a +0 flail; 10 gold pieces You closely miss the orc priest.
The orc priest invokes the aid of Beogh against you.
Pain shoots through your body!
You are too injured to fight recklessly!
You are too injured to fight recklessly!
You are too injured to fight recklessly!
You are too injured to fight recklessly!
You hit the orc priest but do no damage.
The orc priest misses you.
You hit the orc priest.
The orc priest is lightly wounded.
The orc priest hits you with a +0 hand axe.
You barely miss the orc priest.
The orc priest is lightly wounded.
The orc priest closely misses you.
You closely miss the orc priest.
The orc priest is lightly wounded.
The orc priest hits you but does no damage.
You hit the orc priest.
The orc priest is moderately wounded.
The orc priest hits you with a +0 hand axe.
You slash the orc priest!
The orc priest is severely wounded.
The orc priest hits you with a +0 hand axe.
You closely miss the orc priest.
The orc priest is severely wounded.
The orc priest invokes the aid of Beogh against you.
Beogh smites you!
* * * LOW HITPOINT WARNING * * *
You hit the orc priest but do no damage.
Your tail-slap misses the orc priest.
The orc priest is severely wounded.
The orc priest calls down the wrath of Beogh upon you.
Pain shoots through your body!
You die...

## .... #..# ####..#
...... #
#..#########.#.###
######....##)).).......
.......)..)))###.......
####..@)#### ..#.###
######.o### ..# #
#....<..# ...
#.#####....# ####
##.#... .# .# .. .. #..
. ...


You could see an orc priest.

Vanquished Creatures
  2 orc priests (D:2)
  An orc wizard (D:2)
  Robin (D:2)
  2 dart slugs (D:1)
  2 orcs (D:2)
  3 bats (D:1)
  4 endoplasms
  7 goblins (D:2)
  9 hobgoblins
  4 quokkas (D:1)
  2 ball pythons (D:1)
  2 frilled lizards (D:1)
  A rat (D:1)
40 creatures vanquished.

Notes
Turn   | Place    | Note
-------+----------+-------------------------------------------
     0 | D:1      | a11behringer the Draconian Berserker began the quest for
                  | the Orb.
     0 | D:1      | Reached XP level 1. HP: 19/19 MP: 1/1
   116 | D:1      | Reached XP level 2. HP: 26/26 MP: 2/2
   821 | D:2      | Reached XP level 3. HP: 31/31 MP: 3/3
   829 | D:2      | Noticed Robin
   831 | D:2      | Reached skill level 1 in Stealth
   843 | D:2      | Killed Robin
   847 | D:2      | Reached ** piety under Trog
   857 | D:2      | Reached XP level 4. HP: 22/40 MP: 4/4
   889 | D:2      | Reached XP level 5. HP: 25/46 MP: 5/5
   935 | D:2      | Killed from afar by an orc priest

Illustrated notes

Levels and vault maps discovered:
D:1:      minmay_arrival_glassed_features, layout_basic
D:2:      cheibrodos_pilgrimage, layout_loops_ring, uniq_terence, uniq_robin

Skill      XL: |  1  2  3  4 |
---------------+-------------+-----
Stealth        | 1 |  1.9
Dodging        | 3 |  3.3
Axes           | 4 |  4.3
Fighting       | 4 |  4.0

Action                     |  1- 3 |  4- 6 || total
---------------------------+-------+-------++-------
  Melee: Hand axe          |   108 |    28 ||   136
         Tailslap          |    12 |     1 ||    13
         Punch             |       |     1 ||     1
 Invoke: Trog's Hand       |     1 |       ||     1
         Berserk           |       |     1 ||     1
 Armour: Skin              |    42 |     5 ||    47
  Dodge: Dodged            |    69 |    20 ||    89

Table legend: (Time is in decaauts)
 A = Elapsed time spent in this place.
 B = Non-inter-level travel time spent in this place.
 C = Inter-level travel time spent in this place.
 D = Time resting spent in this place.
 E = Time spent auto-exploring this place.
 F = Levels seen in this place.
 G = Mean time per level.
                   A        B        C        D        E       F      G
               +--------+--------+--------+--------+--------+-----+--------+
         Total |    957 |    941 |     16 |      0 |    671 |   2 |  478.5 |
       Dungeon |    957 |    941 |     16 |      0 |    671 |   2 |  478.5 |
               +--------+--------+--------+--------+--------+-----+--------+

Top non-repeatable levels by time:
     D:1: 813 daAuts
     D:2: 143 daAuts
